 Dungeon Crawl Stone Soup version 0.27-a0-637-g3a9f0a9c12 (webtiles) character file.

Game seed: 1953959948682062096

49 Bapho the Cudgeller (level 3, -1/24 HPs)
             Began as a Gargoyle Monk on Mar 15, 2021.
             Slain by a gnoll
             ... wielding a +0 whip
              (4 damage)
             ... on level 2 of the Dungeon.
             The game lasted 00:02:20 (1624 turns).

Bapho the Cudgeller (Gargoyle Monk)                 Turns: 1624, Time: 00:02:20

Health: -1/24      AC: 12    Str: 15    XL:     3   Next: 77%
Magic:  3/3        EV:  4    Int: 10    God:
Gold:   55         SH:  7    Dex: 12    Spells: 2/2 levels left

rFire    . . .     SeeInvis .   a - +0 mace
rCold    . . .     Faith    .   m - +0 kite shield
rNeg     + . .     Spirit   .   f - +0 chain mail
rPois    ∞         Reflect  .   j - +0 helmet
rElec    +         Harm     .   (no cloak)
rCorr    .         Rampage  .   (no gloves)
Will     .....                  (no boots)
Stlth    ..........             (no amulet)
HPRegen  0.08/turn              (no ring)
MPRegen  0.08/turn              (no ring)

@: no status effects
A: AC +3, negative energy resistance 1, electricity resistance, torment
resistance 1, unbreathing 1, petrification resistance
a: no special abilities


You were on level 2 of the Dungeon.
You visited 1 branch of the dungeon, and saw 2 of its levels.

You collected 55 gold pieces.

Inventory:

Hand Weapons
 a - a +0 mace (weapon)
Missiles
 c - 58 stones (quivered)
Armour
 b - a +0 robe
 f - a +0 chain mail (worn)
 j - a +0 helmet (worn)
 m - a +0 kite shield (worn)
Scrolls
 d - 3 scrolls of identify {unknown}
 g - 2 scrolls of teleportation {unknown}
 h - a scroll of enchant armour {unknown}
 k - a scroll of fog {unknown}
Potions
 e - a potion of attraction {unknown}
 i - a potion of degeneration {unknown}
 l - a potion of cancellation {unknown}


   Skills:
 + Level 3.7 Fighting
 * Level 3.8 Maces & Flails
 + Level 0.5 Armour
 - Level 2.7 Dodging
 - Level 2.1 Stealth
 + Level 0.4 Shields


You had 2 spell levels left.
You didn't know any spells.
Your spell library was empty.

Dungeon Overview and Level Annotations

Branches:
Dungeon (2/15)

Altars:


Innate Abilities, Weirdness & Mutations

Your stone body is resilient. (AC +3)
You are immune to poison.
You resist negative energy. (rN+)
You are resistant to electric shocks. (rElec)
You are resistant to unholy torment.
You can survive without breathing.
You are immune to petrification.


Message History

The gnoll hits you with a +0 halberd. The gnoll hits you but does no damage.
Your shield prevents you from hitting the gnoll.
The gnoll is moderately wounded.
The gnoll hits you but does no damage. The gnoll hits you with a +0 halberd!
The gnoll hits you but does no damage.
You hit the gnoll but do no damage.
The gnoll is moderately wounded.
The gnoll hits you with a +0 halberd. The gnoll barely misses you.
You block the gnoll's attack.
You hit the gnoll.
The gnoll is moderately wounded.
You block the gnoll's attack.
The gnoll hits you but does no damage. x2
You hit the gnoll.
The gnoll is severely wounded.
You block the gnoll's attack. x2
You sock the gnoll!
You kill the gnoll!
You hit the gnoll but do no damage.
The gnoll is heavily wounded.
You block the gnoll's attack.
The gnoll hits you but does no damage. x2
You hit the gnoll.
The gnoll is almost dead.
The gnoll hits you but does no damage. You block the gnoll's attack.
The gnoll hits you but does no damage.
You sock the gnoll!
You kill the gnoll!
The gnoll hits you but does no damage.
You hit the gnoll.
The gnoll is moderately wounded.
The gnoll hits you with a +0 whip.
* * * LOW HITPOINT WARNING * * *
The gnoll hits you with a +0 whip.
* * * LOW HITPOINT WARNING * * *
You hit the gnoll.
The gnoll is severely wounded.
The gnoll completely misses you.
Your chain mail prevents you from hitting the gnoll.
The gnoll is severely wounded.
The gnoll hits you with a +0 whip.
You die...

.# ##..#
#...# # #..##
.##..# #.#..#
#### #.#..#
..... ##.#..#
#..w###.....#
#g@.####.#
##)## #.# #.#
#.# #.# #.#
..# #.# ###
#.# #.# #.#
#.#


You could see a gnoll and a dart slug.

Vanquished Creatures
  2 gnolls (D:2)
  An ooze (D:1)
  3 dart slugs (D:1)
  3 bats (D:1)
  3 giant cockroaches (D:1)
  2 goblins
  A frilled lizard (D:2)
  5 kobolds (D:1)
  2 rats (D:1)
22 creatures vanquished.

Notes
Turn   | Place    | Note
-------+----------+-------------------------------------------
     0 | D:1      | Bapho the Gargoyle Monk began the quest for the Orb.
     0 | D:1      | Reached XP level 1. HP: 14/14 MP: 1/1
   503 | D:1      | Reached XP level 2. HP: 19/19 MP: 2/2
  1256 | D:1      | Reached XP level 3. HP: 14/23 MP: 3/3
  1624 | D:2      | Slain by a gnoll

Illustrated notes

Levels and vault maps discovered:
D:1:      roderic_lyre, layout_basic, chequers_serial_rivers_micro_c,
          glass_columns_a, dk_noncrumbling_2
D:2:      layout_loops_ring, lemuel_round_altar, nzn_hepliaklqana_mist_gate

Action                   || total
-------------------------++-------
Melee: Mace              ||    61
Throw: Stone             ||    56
Armor: Robe              ||    10
       Chain mail        ||    21
Dodge: Dodged            ||    35
Block: Kite shield       ||    11

Table legend: (Time is in decaauts)
 A = Elapsed time spent in this place.
 B = Non-inter-level travel time spent in this place.
 C = Inter-level travel time spent in this place.
 D = Time resting spent in this place.
 E = Time spent auto-exploring this place.
 F = Levels seen in this place.
 G = Mean time per level.
                   A        B        C        D        E       F      G
               +--------+--------+--------+--------+--------+-----+--------+
         Total |   1649 |   1525 |    124 |      0 |   1302 |   2 |  824.5 |
       Dungeon |   1649 |   1525 |    124 |      0 |   1302 |   2 |  824.5 |
               +--------+--------+--------+--------+--------+-----+--------+

Top non-repeatable levels by time:
     D:1: 1553 daAuts
     D:2: 96 daAuts
